 Dungeon Crawl Stone Soup version 0.30-a0-170-g85af917532 (webtiles) character file.

Game seed: 18283380290629092869

180 Nerdsrcool the Conjurer (level 5, -5/25 HPs)
             Began as a Vine Stalker Conjurer on Sept 30, 2022.
             Was a Follower of Zin.
             Slain by an ogre
             ... wielding a +0 giant spiked club
              (21 damage)
             ... on level 3 of the Dungeon.
             The game lasted 00:32:00 (3283 turns).

Nerdsrcool the Conjurer (Vine Stalker Conjurer)     Turns: 3283, Time: 00:32:00

Health: -5/25      AC:  8    Str: 18    XL:     5   Next: 60%
Magic:  0/10       EV: 11    Int: 18    God:    Zin [*.....]
Gold:   137        SH:  0    Dex: 12    Spells: 8/9 levels left

rFire   . . .      SeeInvis +    y - +3 dagger
rCold   . . .      Faith    .    (no shield)
rNeg    . . .      Spirit   +    t - +1 ring mail of Iplorrel {SInv}
rPois   .          Reflect  .    L - +1 helmet
rElec   .          Harm     .    h - scarf {shadows}
rCorr   .          Rampage  .    (no gloves)
Will    .....                    (no boots)
Stlth   +.........               (no amulet)
HPRegen 0.88/turn                v - +6 ring of strength
MPRegen 0.12/turn                (no ring)

@: very slightly contaminated
A: fangs 2, regeneration 1, magic shield, antimagic bite, no potion heal 2
a: Renounce Religion, Recite, Donate Gold


You were on level 3 of the Dungeon.
You worshipped Zin.
Zin was aware of your devotion.
You visited 1 branch of the dungeon, and saw 3 of its levels.

You collected 152 gold pieces.
You donated 15 gold pieces to Zin.

Inventory:

Hand Weapons
 d - a +0 mace
 f - a +0 dagger
 g - a +0 dagger
 i - a +0 club
 k - a +0 war axe
 l - a +0 club
 s - a +0 dagger
 u - a +0 mace
 w - a +0 dagger
 y - a +3 dagger (weapon)
 z - a +0 club
 E - a +0 club
 F - a +0 club
 G - a +0 club
 H - a +0 club
 I - a +0 dagger
 J - a +0 short sword
 M - a +0 dagger
 P - a +0 mace
Missiles
 n - 57 stones
 p - 8 poisoned darts
 q - a throwing net
Armour
 a - a +0 robe
 c - a +0 scale mail
 e - a +0 ring mail
 h - a scarf of shadows (worn)
 j - a +0 leather armour
 t - the +1 ring mail of Iplorrel (worn) {SInv}
   (You found it on level 2 of the Dungeon)

   SInv:      It lets you see invisible.
 x - a +0 robe
 D - a +1 leather armour of fire resistance
 K - a +0 animal skin
 L - a +1 helmet (worn)
Magical Staves
 B - a staff of poison
Jewellery
 v - a +6 ring of strength (left hand)
Scrolls
 A - 2 scrolls of identify
 N - 2 scrolls of amnesia {unknown}
Potions
 b - a potion of magic
 m - a potion of lignification
 o - a potion of haste
 r - a potion of attraction
 C - a potion of brilliance
 O - a potion of degeneration {unknown}


   Skills:
 + Level 0.9 Fighting
 + Level 2.0(2.2) Axes
 + Level 1.3(1.9) Maces & Flails
 + Level 1.6 Armour
 + Level 1.8 Dodging
 + Level 2.7 Stealth
 + Level 2.8 Spellcasting
 + Level 4.5 Conjurations


You had 8 spell levels left.
You knew the following spells:

 Your Spells              Type           Power      Damage    Failure   Level
a - Magic Dart            Conj           76%        1d6       4%          1

Your spell library contained the following spells:

 Spells                   Type           Power      Damage    Failure   Level
 Searing Ray              Conj           38%        2d5       7%          2
 Dazzling Flash           Conj/Hex       20%        N/A       34%         3
 Call Imp                 Summ           2%         N/A       41%         2
 Mephitic Cloud           Conj/Pois/Air  8%         N/A       43%         3
 Fulminant Prism          Conj/Hex       5%         3d7       75%         4
 Iskenderun's Mystic Bla  Conj/Tloc      10%        2d4       75%         4


Dungeon Overview and Level Annotations

Branches:
Dungeon (3/15)

Altars:
Ru
Xom
Yredelemnul
Zin

Annotations:
D:3 3 runed translucent doors


Innate Abilities, Weirdness & Mutations

You have extremely sharp teeth.
Your natural rate of healing is unusually fast.
When hurt, damage is shared between your health and your magic reserves.
Your bite disrupts and absorbs the magic of your enemies.
Potions cannot restore your health.


Message History

The goblin unwields a +0 dagger.
The goblin wields a +0 sling.
The goblin shoots a sling bullet.
The sling bullet barely misses you.
The goblin shouts! x3
Found 10 large rocks.
Unknown command.
You hit the goblin.
You kill the goblin!
You hit the goblin.
You kill the goblin!
The magic dart hits the goblin.
You kill the goblin!
The magic dart hits the goblin.
You kill the goblin!
The magic dart hits the goblin.
You kill the goblin!
The magic dart hits the goblin.
The goblin is severely wounded.
The goblin hits you with a +0 club.
The magic dart hits the goblin.
You kill the goblin!
The magic dart hits the goblin.
The goblin is moderately wounded.
The goblin closely misses you.
You miscast Magic Dart.
You are very lightly contaminated with residual magic.
Nothing appears to happen.
The goblin hits you with a +0 club.
The magic dart hits the goblin.
The goblin is heavily wounded.
The goblin hits you but does no damage.
The magic dart hits the goblin.
You kill the goblin!
You completely miss the ogre. You bite the ogre. You drain its power.
You feel invigorated.
The ogre is lightly wounded.
The ogre hits you with a +0 giant spiked club!
You hit the ogre.
The ogre is moderately wounded.
The ogre hits you with a +0 giant spiked club!!
Ouch! That really hurt!
You die...

.....≈≈.≈≈......#
#.##.##.#
................#
#.......#
....#.....#.....#
####.####
#...#..#..#...##### #.#
#......#..#####...# #.#
##..#.##..# #(.(# #.#
#.>......### .g.#####.#
##.#.......# #O##.....#
#.......#.####@########
#########.##.....#
##...#.....# #####
#..........# #....
##...#.....# #(...
##.##.....# +..8.
########## +.... +.(..


You could see an ogre and a goblin.

Vanquished Creatures
  An orc wizard (D:3)
  Robin (D:3)
  A gnoll (D:1)
  4 adders
  2 worms (D:2)
  3 dart slugs
  An orc (D:3)
  3 ball pythons
  11 endoplasms
  4 giant cockroaches
  14 goblins
  7 hobgoblins
  6 jackals
  2 quokkas (D:1)
  5 bats
  3 frilled lizards
  4 kobolds
  7 rats
79 creatures vanquished.

Notes
Turn   | Place    | Note
-------+----------+-------------------------------------------
     0 | D:1      | Nerdsrcool the Vine Stalker Conjurer began the quest for
                  | the Orb.
     0 | D:1      | Reached XP level 1. HP: 9/9 MP: 4/4
   125 | D:1      | Reached XP level 2. HP: 5/13 MP: 1/6
   903 | D:1      | Reached XP level 3. HP: 16/16 MP: 5/7
   983 | D:1      | Reached skill level 1 in Armour
  1236 | D:1      | Reached skill level 1 in Maces & Flails
  1714 | D:2      | Gained mutation: Your natural rate of healing is unusually
                  | fast. [Vine Stalker growth]
  1714 | D:2      | Reached XP level 4. HP: 7/21 MP: 6/8
  1730 | D:2      | Found a faded altar of an unknown god.
  1753 | D:2      | Prayed at the altar of an unknown god.
  1753 | D:2      | Became a worshipper of Xom the Begetter of Discontinuities
  1777 | D:2      | XOM: silly message
  1839 | D:2      | XOM: silly message
  1994 | D:2      | Reached skill level 1 in Axes
  2078 | D:2      | Identified the +1 ring mail of Iplorrel {SInv}
  2500 | D:3      | Found a sacrificial altar of Ru.
  2506 | D:3      | Reached XP level 5. HP: 25/25 MP: 6/9
  2617 | D:3      | Found a runed translucent gate.
  2617 | D:3      | Found a runed translucent gate.
  2617 | D:3      | Found a runed translucent gate.
  2774 | D:3      | XOM: divination: detect items
  2810 | D:3      | Noticed Robin
  2831 | D:3      | Killed Robin
  3054 | D:3      | Found a glowing silver altar of Zin.
  3064 | D:3      | Fell from the grace of Xom
  3064 | D:3      | Became a worshipper of Zin the Law-Giver
  3064 | D:3      | Reached * piety under Zin
  3120 | D:3      | Found a basalt altar of Yredelemnul.
  3270 | D:3      | Noticed an ogre
  3283 | D:3      | Slain by an ogre

Illustrated notes

Levels and vault maps discovered:
D:1:      evilmike_arrival_rings, layout_loops_ring
D:2:      layout_loops_ring, hellmonk_ecumenical_altar_inner_sanctum
D:3:      layout_loops_cross, lemuel_coloured_pillars_altar,
          mainiacjoe_overflow_small_starburst,
          nicolae_ru_great_annihilating_truth, ebering_ghost_rock_garden,
          reono_crystal_passage, minmay_ogre_servants, uniq_robin

Skill      XL: |  1  2  3  4  5 |
---------------+----------------+-----
Armour         | 1 |  1.6
Maces & Flails | 1 |  1.3
Axes           | 1 2 |  2.0
Fighting       | |  0.9
Dodging        | |  1.8
Stealth        | |  2.7
Spellcasting   | |  2.8
Conjurations   | |  4.5

Action                   |  1- 3 |  4- 6 || total
-------------------------+-------+-------++-------
Melee: Unarmed           |    12 |       ||    12
       Mace              |    42 |       ||    42
       Bite              |    10 |    18 ||    28
       War axe           |    34 |    44 ||    78
       Dagger            |       |    26 ||    26
 Cast: Magic Dart        |    37 |    66 ||   103
  Use: Scroll            |     3 |     3 ||     6
       Potion            |     4 |     1 ||     5
 Stab: Sleeping          |     1 |       ||     1
Armor: Scale mail        |    14 |       ||    14
       Skin              |    31 |       ||    31
       Ring mail         |    32 |    44 ||    76
Dodge: Dodged            |    56 |    50 ||   106

Table legend: (Time is in decaauts)
 A = Elapsed time spent in this place.
 B = Non-inter-level travel time spent in this place.
 C = Inter-level travel time spent in this place.
 D = Time resting spent in this place.
 E = Time spent auto-exploring this place.
 F = Levels seen in this place.
 G = Mean time per level.
                   A        B        C        D        E       F      G
               +--------+--------+--------+--------+--------+-----+--------+
         Total |   3315 |   3142 |    173 |    520 |   1910 |   3 | 1105.0 |
       Dungeon |   3315 |   3142 |    173 |    520 |   1910 |   3 | 1105.0 |
               +--------+--------+--------+--------+--------+-----+--------+

Top non-repeatable levels by time:
     D:1: 1527 daAuts
     D:2: 931 daAuts
     D:3: 856 daAuts
